Map: Abiogenesis LE

Players

Infamous

  • Race: Protoss Protoss
  • League: Silver
  • Spawn Location: 11:00

Matatama - Winner!

  • Race: Protoss Protoss
  • Spawn Location: 5:00

VOD

Have the link to the VOD?

Description

Time

  • Played on: April 9, 2018, 12:50 p.m.
  • Length: 10:17
Show
View Real Time Build Order
Export as new Build Order

Infamous Protoss 

Build Orders:  

Get SALT Encoding   

  12  0:01  Probe  
  13  0:13  Pylon  
  13  0:19  Probe (Chrono Boost)  
  14  0:31  Gateway  
  14  0:34  Probe (Chrono Boost)  
  15  0:45  Probe  
  16  0:56  Assimilator  
  16  1:03  Assimilator  
  16  1:07  Probe (Chrono Boost)  
  17  1:21  Cybernetics Core  
  17  1:24  Assimilator  
  17  1:29  Probe  
  18  1:41  Probe  
  19  1:49  Gateway  
  19  1:53  Probe  
  20  1:55  Warp Gate (Chrono Boost)  
  20  2:00  Adept (Chrono Boost)  
  22  2:18  Probe  
  23  2:23  Pylon  
  23  2:41  Stalker  
  23  2:42  Probe, Sentry  
  28  2:44  Pylon  
  28  2:48  Twilight Council  
  28  2:55  Probe  
  29  3:04  Pylon  
  29  3:18  Stalker x2  
  33  3:20  Probe  
  34  3:32  Probe  
  35  3:37  Robotics Facility  
  35  4:00  Pylon  
  33  4:24  Stalker  
  33  4:25  Stalker  
  36  4:38  Nexus  
  36  4:53  Forge  
  37  5:00  Probe  
  37  5:03  Observer  
  38  5:36  Probe  
  38  5:38  Immortal  
  43  5:42  Stalker  
  43  5:43  Stalker  
  43  5:48  Probe (Chrono Boost)  
  49  5:58  Probe (Chrono Boost)  
  49  6:00  Probe (Chrono Boost)  
  49  6:01  Gateway  
  49  6:03  Gateway  
  49  6:06  Probe (Chrono Boost), Stalker x2  
  49  6:30  Immortal  
  53  6:38  Probe (Chrono Boost)  
  55  6:40  Probe (Chrono Boost), Gateway  
  55  6:44  Assimilator  
  55  6:46  Assimilator  
  55  6:50  Probe (Chrono Boost)  
  55  6:51  Stalker  
  58  7:13  Pylon x2  
  58  7:15  Photon Cannon  
  58  7:17  Shield Battery  
  58  7:21  Probe (Chrono Boost)  
  60  7:24  Probe (Chrono Boost)  
  61  7:31  Probe (Chrono Boost)  
  61  7:33  Probe (Chrono Boost)  
  62  7:49  Stalker x2  
  62  7:50  Stalker x2  
  70  8:00  Probe x2  
  72  8:05  Photon Cannon  
  72  8:06  Photon Cannon  
  54  8:32  Stalker x3  
  54  8:33  Stalker x2  
  46  9:08  Zealot x4  
  46  9:09  Zealot  
  56  9:18  Probe x2  
  56  9:22  Templar Archives  
  56  9:23  Immortal (Chrono Boost)  
  62  9:37  Dark Shrine  
  62  9:46  Stalker  
  62  9:47  Stalker x2  
Show
View Real Time Build Order
Export as new Build Order

Matatama Protoss - Winner!

Build Orders:  

Get SALT Encoding   

  12  0:02  Probe  
  13  0:14  Probe  
  14  0:17  Pylon  
  14  0:27  Probe  
  15  0:39  Probe  
  15  0:40  Gateway  
  16  0:52  Probe, Assimilator  
  17  1:04  Probe  
  18  1:05  Assimilator  
  18  1:13  Pylon  
  18  1:31  Cybernetics Core  
  18  1:36  Zealot  
  20  1:45  Probe  
  21  1:57  Probe  
  22  2:07  Adept (Chrono Boost)  
  22  2:13  Warp Gate  
  22  2:14  Pylon  
  24  2:20  Probe  
  24  2:34  Adept  
  26  2:40  Probe  
  27  2:52  Probe  
  27  2:57  Nexus  
  28  3:01  Adept  
  28  3:04  Probe  
  31  3:23  Pylon  
  31  3:28  Probe  
  32  3:44  Gateway  
  32  3:47  Robotics Facility  
  32  3:48  Twilight Council  
  32  3:53  Gateway  
  32  4:35  Probe (Chrono Boost)  
  32  4:37  Probe (Chrono Boost)  
  34  4:39  Warp Prism (Chrono Boost)  
  34  4:45  Probe (Chrono Boost), Templar Archives  
  38  4:46  Probe (Chrono Boost)  
  38  4:48  Pylon  
  38  4:51  Probe x2 (Chrono Boost)  
  40  5:01  Probe  
  40  5:02  Probe  
  42  5:14  Probe  
  43  5:21  Adept  
  45  5:29  Probe  
  46  5:39  Pylon  
  46  5:42  Forge  
  46  5:43  Probe  
  46  5:44  Forge  
  46  5:45  Assimilator  
  47  5:56  Probe  
  42  6:30  Probe (Chrono Boost)  
  44  6:34  Assimilator  
  44  6:35  Probe (Chrono Boost)  
  44  6:36  Immortal (Chrono Boost), Protoss Shields Level 1 (Chrono Boost), Protoss Ground Weapons Level 1 (Chrono Boost)  
  44  6:39  Probe (Chrono Boost)  
  49  6:41  Gateway  
  49  6:43  Gateway  
  49  6:44  Probe (Chrono Boost), Gateway  
  49  6:45  Adept x3  
  56  6:51  Resonating Glaives  
  56  7:07  Immortal (Chrono Boost)  
  60  7:09  Pylon  
  60  7:16  Pylon  
  60  7:18  Probe  
  61  7:36  High Templar x3  
  67  7:51  Immortal (Chrono Boost)  
  67  7:52  High Templar x3  
  67  7:56  Probe x2  
  79  8:06  Archon x3  
  79  8:08  Probe  
  79  8:09  Probe  
  79  8:10  Sentry  
  83  8:13  Nexus  
  73  8:20  Probe  
  73  8:21  Probe  
  73  8:22  Warp Prism (Chrono Boost)  
  61  8:35  Adept x4  
  61  8:36  Adept x2  
  65  9:12  High Templar x4  
  73  9:19  Immortal  
  73  9:21  Archon x2  
  77  9:24  Adept x2  
  81  9:39  Probe (Chrono Boost)  
  81  9:41  Probe (Chrono Boost)  
  81  9:49  Probe (Chrono Boost)  
  81  9:50  Probe (Chrono Boost)  
  77  9:54  Probe (Chrono Boost)  
  77  9:55  Probe (Chrono Boost)  
  77  9:58  Adept x2  
  77  9:59  Adept x3  
  81  10:14  Adept  
Tags
 
League
Silver
Matchup
PvP
Replay Pack
Last Remnant (2)
Spawn Locations
Cross Positions
Add a new tag
Caveats
  • Supply blocks, unpowered buildings, or Contaminate may cause inaccurate times.
  • Supply counts are checked every 10 seconds.